 Dungeon Crawl Stone Soup version 0.28-a0-751-gef3a642a4e (webtiles) character file.

Game seed: 17447808540302110499

2283 avis the Martial Artist (level 9, -7/65 HPs)
             Began as a Djinni Warper on Oct 30, 2021.
             Mangled by a two-headed ogre (19 damage)
             ... on level 7 of the Dungeon.
             The game lasted 00:41:07 (10860 turns).

avis the Martial Artist (Djinni Warper)            Turns: 10860, Time: 00:41:08

Health: -7/65      AC: 15    Str: 15    XL:     9   Next: 66%
Gold:   333        EV: 14    Int: 19    God:
                   SH:  0    Dex: 13

rFire   + + .      SeeInvis .     - Unarmed
rCold   x . .      Faith    .   (no shield)
rNeg    . . .      Spirit   .   a - +1 leather armour
rPois   ∞          Reflect  .   d - +2 helmet {Int+3}
rElec   .          Harm     .   r - +0 cloak
rCorr   .          Rampage  .   n - +2 pair of gloves {Str+3}
Will    .....                   (boots unavailable)
Stlth   +.........              (no amulet)
HPRegen 0.20/turn               h - +4 ring of protection
MPRegen 0.00/turn               (no ring)

@: flying, very slightly contaminated
A: sickness immunity, fire resistance 2, cold vulnerability 1, float, innate
caster, hp casting, extra vitality 1
a: no special abilities


You were on level 7 of the Dungeon.
You visited 2 branches of the dungeon, and saw 8 of its levels.
You also visited: Sewer.

You collected 333 gold pieces.

Inventory:

Hand Weapons
 b - a +8 quarterstaff of speed
 w - a +0 dagger of venom
 D - a +4 great sword of freezing
 E - a +3 dire flail of freezing
 J - a +0 shortbow
Missiles
 c - 5 boomerangs of dispersal
 e - 11 silver javelins
 f - 30 arrows
 k - 20 poisoned darts (quivered)
 l - 7 boomerangs
 o - 79 stones
 x - 40 bolts
 C - 20 sling bullets
Armour
 a - a +1 leather armour (worn)
 d - a +2 helmet of intelligence (worn)
 n - a +2 pair of gloves of strength (worn)
 r - a +0 cloak (worn)
 t - the +7 Kryia's mail coat {PotionHeal*2 rC+}
   (You found it on level 5 of the Dungeon)

   Potions are twice as effective at healing its wearer.
   rC:        It protects you from cold.
 H - a +2 kite shield
 L - a +0 buckler
Jewellery
 h - a +4 ring of protection (left hand)
Wands
 u - a wand of iceblast (6)
 K - a wand of paralysis (7)
Scrolls
 g - 2 scrolls of fear
 j - a scroll of teleportation
 s - a scroll of summoning
 y - 2 scrolls of enchant armour
 z - a scroll of enchant weapon {unknown}
 A - a scroll of blinking
 G - 2 scrolls of fog {unknown}
 I - 2 scrolls of identify
 M - a scroll of vulnerability
Potions
 i - a potion of brilliance {unknown}
 m - 3 potions of curing
 p - a potion of might {unknown}
 q - 10 potions of flight
 v - a potion of berserk rage {unknown}
 B - 4 potions of degeneration
 F - 3 potions of lignification {unknown}


   Skills:
 * Level 5.2 Fighting
 - Level 0.7 Throwing
 - Level 1.0 Armour
 - Level 6.0 Dodging
 - Level 10.0 Unarmed Combat
 - Level 3.0 Spellcasting


You couldn't memorise any spells.
You knew the following spells:

 Your Spells              Type           Power      Damage    Failure   Level
a - Summon Small Mammal   Summ           56%        N/A       5%          1
b - Blink                 Tloc           28%        N/A       9%          2
c - Scorch                Fire           28%        2d6       9%          2
d - Vampiric Draining     Necr           7%         2d7       16%         3
e - Conjure Flame         Conj/Fire      14%        6-21      16%         3
g - Gell's Gravitas       Tloc           7%         N/A       16%         3
k - Lesser Beckoning      Tloc           14%        N/A       16%         3
o - Teleport Other        Tloc           14%        N/A       16%         3
M - Manifold Assault      Tloc           14%        N/A       83%         5
Your spell library was empty.

Dungeon Overview and Level Annotations

Branches:
Dungeon (7/15)             Temple (1/1) D:4           Sewer (visited)

Altars:
Dithmenos
Elyvilon
Hepliaklqana
Kikubaaqudgha
Makhleb
Nemelex Xobeh
Okawaru
Qazlal
Ru
Sif Muna
Uskayaw
Vehumet
Wu Jian
Xom
Yredelemnul
Zin
The Shining One

Shops:
D:1 (

Annotations:
D:3 1 runed translucent door, cheechan's ghost, amateur NaCK


Innate Abilities, Weirdness & Mutations

You are immune to sickness and miasma.
You are immune to poison.
Your flesh is very heat resistant. (rF++)
You are vulnerable to cold. (rC-)
You float through the air rather than walking.
You learn spells naturally, not from books.
Your magical power is your life essence.
You have superior vitality. (+4 HP)


Message History

Casting: Blink (safe; 9% risk of failure)
Confirm with . or Enter, or press ? or * to list all spells.
You blink.
The two-headed ogre is no longer more vulnerable to fire.
Casting: Blink (safe; 9% risk of failure)
Confirm with . or Enter, or press ? or * to list all spells.
Flames lash the two-headed ogre.
The two-headed ogre is lightly wounded.
The two-headed ogre's fire resistance burns away.
Casting: Scorch (safe; 9% risk of failure)
Confirm with . or Enter, or press ? or * to list all spells.
Flames lash the two-headed ogre.
The two-headed ogre is burned terribly!
The two-headed ogre is moderately wounded.
Casting: Scorch (safe; 9% risk of failure)
Confirm with . or Enter, or press ? or * to list all spells.
Flames lash the two-headed ogre.
The two-headed ogre is burned terribly!
The two-headed ogre is heavily wounded.
You feel stable enough to blink again. The two-headed ogre barely misses you.
The two-headed ogre closely misses you.
Casting: Scorch (safe; 9% risk of failure)
Confirm with . or Enter, or press ? or * to list all spells.
Flames lash the two-headed ogre.
The two-headed ogre is burned terribly!
The two-headed ogre is severely wounded.
Casting: Scorch (safe; 9% risk of failure)
Confirm with . or Enter, or press ? or * to list all spells.
Flames lash the two-headed ogre.
The two-headed ogre is burned terribly!
The two-headed ogre is almost dead.
The two-headed ogre is no longer more vulnerable to fire.
The two-headed ogre misses you.
The two-headed ogre hits you with a +0 giant club!
* * * LOW HITPOINT WARNING * * *
Casting: Scorch (safe; 9% risk of failure)
Confirm with . or Enter, or press ? or * to list all spells.
Flames lash the two-headed ogre.
The two-headed ogre is almost dead.
The two-headed ogre's fire resistance burns away.
* * * LOW HITPOINT WARNING * * *
The two-headed ogre barely misses you.
The two-headed ogre hits you with a +0 giant club!!
You die...

.. . ##. ..) ....# #.#
#.#.# ### #.# #.#.#
.....##.######.#.#
#......<.......###
....###.##..@O...... #
#.######...######.# #.#
#.#........#
#####.######...########
...............#
################


You could see a two-headed ogre (combustible).

Vanquished Creatures
  Prince Ribbit (D:6)
  Sigmund (D:3)
  A water moccasin (D:6)
  2 black bears (D:6)
  2 sky beasts
  A centaur (D:6)
  A phantom (D:7)
  2 bullfrogs (D:6)
  A wyvern zombie (D:6)
  2 scorpions
  A water moccasin zombie (D:5)
  A wyvern skeleton (D:6)
  A water moccasin skeleton (D:6)
  3 wights (D:5)
  A jelly (D:5)
  A centaur zombie (D:6)
  4 hounds
  2 bullfrog zombies
  2 orc priests (D:3)
  An orc wizard (D:3)
  A scorpion zombie (D:5)
  Natasha (thrice) (D:3)
  2 iguanas
  A howler monkey skeleton (D:6)
  9 adders
  3 ufetubi
  An adder skeleton (D:4)
  5 worms
  20 orcs
  8 ball pythons
  9 endoplasms
  7 giant cockroaches
  3 goblins
  10 hobgoblins
  4 jackals (Sewer)
  2 quokkas
  13 bats
  3 frilled lizards
  3 kobolds
  6 rats
144 creatures vanquished.

Vanquished Creatures (others)
  A plant (D:3)
1 creature vanquished.

Grand Total: 145 creatures vanquished

Notes
Turn   | Place    | Note
-------+----------+-------------------------------------------
     0 | D:1      | avis the Djinni Warper began the quest for the Orb.
     0 | D:1      | Reached XP level 1. HP: 18/18 MP: 0/0
   457 | D:1      | Reached XP level 2. HP: 20/23 MP: 0/0
   519 | D:1      | Found Qonub's Antique Weapon Shoppe.
  1650 | D:1      | Reached skill level 3 in Unarmed Combat
  2032 | D:2      | Reached XP level 3. HP: 28/28 MP: 0/0
  2032 | D:2      | Learned a level 1 spell: Summon Small Mammal
  2517 | D:2      | Reached skill level 4 in Unarmed Combat
  2517 | D:2      | Reached XP level 4. HP: 25/33 MP: 0/0
  3005 | D:3      | Noticed a sky beast
  3061 | D:3      | Found an iron altar of Okawaru.
  3061 | D:3      | Found a basalt altar of Yredelemnul.
  3062 | D:3      | Found a white marble altar of Elyvilon.
  3062 | D:3      | Found an ornate altar of the Wu Jian Council.
  3066 | D:3      | Noticed Natasha
  3358 | D:3      | Killed Natasha
  3537 | D:2      | Reached XP level 5. HP: 34/38 MP: 0/0
  3537 | D:2      | Learned a level 2 spell: Scorch
  3691 | D:3      | Found a sparkling altar of Nemelex Xobeh.
  3744 | D:3      | Noticed Natasha
  3749 | D:3      | Killed Natasha
  3903 | D:3      | Reached skill level 5 in Unarmed Combat
  3996 | D:3      | Found a faded altar of an unknown god.
  4065 | D:3      | Noticed Natasha
  4070 | D:3      | Killed Natasha
  4071 | D:3      | Reached XP level 6. HP: 30/43 MP: 0/0
  4406 | D:3      | Reached skill level 6 in Unarmed Combat
  4458 | D:3      | Noticed Sigmund
  4467 | D:3      | Killed Sigmund
  4468 | D:3      | Reached XP level 7. HP: 24/49 MP: 0/0
  4468 | D:3      | Learned a level 3 spell: Vampiric Draining
  4746 | D:3      | Reached skill level 7 in Unarmed Combat
  5016 | D:3      | Found a runed translucent door.
  5024 | D:3      | Noticed cheechan's ghost (amateur NaCK)
  6409 | D:4      | Found a staircase to the Ecumenical Temple.
  6421 | Temple   | Entered the Ecumenical Temple
  6792 | D:5      | Entered Level 5 of the Dungeon
  6874 | D:5      | Identified 2 scrolls of acquirement
  6874 | D:5      | Acquired a +2 helmet of intelligence
  7153 | D:5      | Acquired a +2 pair of gloves of strength
  7179 | D:5      | Found the +7 Kryia's mail coat {PotionHeal*2 rC+}
  7255 | D:5      | Reached XP level 8. HP: 50/56 MP: 0/0
  7405 | D:5      | Found a glowing drain.
  7421 | Sewer    | Entered a sewer
  7665 | Sewer    | Acquired a +8 quarterstaff of speed
  8427 | D:5      | Reached skill level 8 in Unarmed Combat
  9197 | D:6      | Reached skill level 5 in Dodging
  9357 | D:6      | Reached XP level 9. HP: 31/62 MP: 0/0
  9357 | D:6      | Learned a level 3 spell: Conjure Flame
  9421 | D:6      | Reached skill level 9 in Unarmed Combat
  9948 | D:6      | Reached skill level 5 in Fighting
 10638 | D:7      | Noticed Prince Ribbit
 10652 | D:6      | Killed Prince Ribbit
 10848 | D:7      | Noticed a two-headed ogre
 10852 | D:7      | Reached skill level 10 in Unarmed Combat
 10860 | D:7      | Mangled by a two-headed ogre

Illustrated notes

Levels and vault maps discovered:
D:1:      saegor_arrival_simple_b, layout_basic, serial_shops,
          nicolae_shop_behind_doors
D:2:      layout_loops_cross, serial_bayou_pond_e
D:3:      layout_loops_corners, chequers_temple_overflow_statue_of_worship,
          mainiacjoe_overflow_alcove_2, gammafunk_ghost_grave,
          shapermc_ecumenical_altar_mp_ritualfount, minmay_cupped, uniq_natasha,
          uniq_sigmund
D:4:      layout_loops_ring, minmay_temple_entry_nine_rooms
D:5:      layout_basic, portal_sewer_entry_a
D:6:      layout_basic, serial_glass, glass_columns_b, glass_columns_b
D:7:      layout_loops_ring, fedhas_bush_and_centaur_altar, serial_shops,
          nicolae_lakefront_shop, hangedman_decor_growths, chequers_mini_garden,
          nicolae_water_bricks, uniq_prince_ribbit1, uniq_harold, uniq_joseph
Temple:   nicolae_temple_hex_pool

Skill      XL: |  1  2  3  4  5  6  7  8  9 |
---------------+----------------------------+-----
Unarmed Combat | 3 4 5 6 7 8 10 | 10.0
Spellcasting   | 3 |  3.0
Dodging        | 4 5 6 |  6.0
Fighting       | 3 4 5 |  5.2
Throwing       | |  0.7
Armour         | |  1.0

Action                   |  1- 3 |  4- 6 |  7- 9 || total
-------------------------+-------+-------+-------++-------
Melee: Unarmed           |   134 |    56 |    12 ||   202
       Quarterstaff      |       |       |    16 ||    16
       Punch             |       |       |     1 ||     1
Throw: Dart              |       |     2 |       ||     2
 Cast: Blink             |       |     3 |     2 ||     5
       Teleport Other    |       |     1 |       ||     1
       Scorch            |       |    45 |   191 ||   236
       Summon Small Mamm |       |       |     2 ||     2
  Use: Scroll            |       |       |    13 ||    13
Armor: Leather armour    |    59 |    17 |    34 ||   110
Dodge: Dodged            |    54 |    34 |    82 ||   170

Table legend: (Time is in decaauts)
 A = Elapsed time spent in this place.
 B = Non-inter-level travel time spent in this place.
 C = Inter-level travel time spent in this place.
 D = Time resting spent in this place.
 E = Time spent auto-exploring this place.
 F = Levels seen in this place.
 G = Mean time per level.
                   A        B        C        D        E       F      G
               +--------+--------+--------+--------+--------+-----+--------+
         Total |  10868 |  10185 |    683 |   4916 |   3706 |   9 | 1207.6 |
       Dungeon |  10070 |   9394 |    676 |   4683 |   3355 |   7 | 1438.6 |
        Temple |    102 |     95 |      7 |      0 |     72 |   1 |  102.0 |
         Sewer |    695 |    695 |      0 |    233 |    279 |   1 |  695.0 |
               +--------+--------+--------+--------+--------+-----+--------+

Top non-repeatable levels by time:
     D:3: 2117 daAuts
     D:1: 1947 daAuts
     D:6: 1648 daAuts
     D:2: 1503 daAuts
     D:4: 1498 daAuts
     D:5: 1311 daAuts
   Sewer: 695 daAuts
  Temple: 102 daAuts
     D:7: 43 daAuts
